 Dungeon Crawl Stone Soup version 0.24.0-125-gc4c63601f3 (webtiles) character file.

Game seed: 13526623581777101845, levelgen mode: deterministic

21 Defined the Covered (level 2, 0/20 HPs)
             Began as a Gnoll Wanderer on Feb 22, 2020.
             Succumbed to a kobold's poison
             ... on level 1 of the Dungeon.
             The game lasted 00:02:53 (684 turns).

Defined the Covered (Gnoll Wanderer)                 Turns: 684, Time: 00:02:54

Health: 0/20       AC:  6    Str: 13    XL:     2   Next: 83%
Magic:  3/3        EV: 13    Int: 14    God:
Gold:   30         SH:  0    Dex: 15    Spells: 2/2 levels left

rFire    + . .     SeeInvis .   e - +4 dagger
rCold    + . .     Gourm    .   (no shield)
rNeg     . . .     Faith    .   d - +0 ring mail
rPois    +         Spirit   .   (no helmet)
rElec    +         Reflect  .   (no cloak)
rCorr    +         Harm     .   (no gloves)
MR       .....                  (no boots)
Stlth    +.........             (no amulet)
HPRegen  0.06/turn              (no ring)
MPRegen  0.08/turn              (no ring)

@: lethally poisoned (0 -> -3), resistant
A: distributed training, fangs 1, strong nose
a: no special abilities


You were on level 1 of the Dungeon.
You were not hungry.

You visited 1 branch of the dungeon, and saw 1 of its levels.

You collected 30 gold pieces.

Inventory:

Hand Weapons
 a - a +2 dagger
 b - a +1 short sword of venom
 c - a +0 mace
 e - a +4 dagger (weapon)
Armour
 d - a +0 ring mail (worn)
Comestibles
 f - a ration
 h - 7 chunks of flesh


   Skills:
 + Level 0.5 Fighting
 + Level 0.5 Short Blades
 + Level 2.5 Long Blades
 + Level 0.5 Axes
 + Level 0.5 Maces & Flails
 + Level 0.5 Polearms
 + Level 0.5 Staves
 + Level 0.5 Slings
 + Level 0.5 Bows
 + Level 4.5 Crossbows
 + Level 0.5 Throwing
 + Level 6.5 Armour
 + Level 4.5 Dodging
 + Level 2.3 Stealth
 + Level 0.5 Shields
 + Level 0.5 Unarmed Combat
 + Level 0.5 Spellcasting
 + Level 0.3 Conjurations
 + Level 0.3 Hexes
 + Level 0.3 Charms
 + Level 0.3 Summonings
 + Level 0.3 Necromancy
 + Level 0.3 Translocations
 + Level 0.3 Transmutations
 + Level 0.3 Fire Magic
 + Level 0.3 Ice Magic
 + Level 0.3 Air Magic
 + Level 0.3 Earth Magic
 + Level 0.3 Poison Magic
 + Level 0.6 Invocations
 + Level 2.5 Evocations


You had 2 spell levels left.
You didn't know any spells.
Your spell library was empty.

Dungeon Overview and Level Annotations

Branches:
Dungeon (1/15)

Altars:


Innate Abilities, Weirdness & Mutations

Your experience applies equally to all skills.
You have very sharp teeth.
Your uncanny sense of smell can sniff out nearby items.


Message History

You feel sick.
You feel sick.
You feel sick.
* * * LOW HITPOINT WARNING * * *
You feel sick.
* * * LOW HITPOINT WARNING * * *
You feel sick.
* * * LOW HITPOINT WARNING * * *
You feel sick.
* * * LOW HITPOINT WARNING * * *
You feel sick.
* * * LOW HITPOINT WARNING * * *
You feel sick.
* * * LOW HITPOINT WARNING * * *
You feel sick.
Your extra speed is starting to run out.
* * * LOW HITPOINT WARNING * * *
You feel sick.
You feel yourself slow down.
You die...

...........###.# #.# #.##.#
...........# #.#######.# #.##.#
...####..### #..#......# #.##.#
...# #.)# ##.#......# #.##.#
...# #..######.#......# #.##.#
#### #................# #.##.###
#####.#(.............# #.#.(...
#.....#.#####.#......# #.######
#.....#.......@.#+##+###.......
#(....########.##............##
#####...........#............#
#################.#.......)....#
............# #.#............#
............# #.#.......)....#
.....<......# #...##+#########
............# ##..##.#
............# #.....#


There were no monsters in sight!

Vanquished Creatures
  A dart slug (D:1)
  2 giant cockroaches (D:1)
  3 hobgoblins (D:1)
  2 bats (D:1)
  3 frilled lizards (D:1)
  A goblin (D:1)
  6 kobolds (D:1)
  A rat (D:1)
19 creatures vanquished.

Notes
Turn   | Place    | Note
-------+----------+-------------------------------------------
     0 | D:1      | Defined the Gnoll Wanderer began the quest for the Orb.
     0 | D:1      | Defined set off with the following items: a +2 dagger, a
                  | potion of haste, a +0 mace, a +0 ring mail, a ration
     0 | D:1      | Reached XP level 1. HP: 13/13 MP: 2/2
   293 | D:1      | Reached XP level 2. HP: 18/19 MP: 3/3
   679 | D:1      | HP: 1/20 [poisoned by a kobold]
   684 | D:1      | Succumbed to a kobold's poison

Levels and vault maps discovered:
D:1:      lemuel_arrival_hallway, layout_basic

Action                   || total
-------------------------++-------
Melee: Dagger            ||    54
       Bite              ||     6
  Use: Potion            ||     3
       Scroll            ||     1
Armor: Ring mail         ||    23
Dodge: Dodged            ||    30
